 Dungeon Crawl Stone Soup version 0.28.0-1-gb440e238dd (webtiles) character file.

Game seed: 4634956503894221690

1129 Morbidden the Conjurer (level 7, -2/56 HPs)
             Began as a Demigod Conjurer on Feb 23, 2022.
             Slain by an adder (4 damage)
             ... on level 5 of the Dungeon.
             The game lasted 00:06:14 (5348 turns).

Morbidden the Conjurer (Demigod Conjurer)           Turns: 5348, Time: 00:06:15

Health: -2/56      AC:  4    Str:  8    XL:     7   Next: 89%
Magic:  2/17       EV: 16    Int: 28    God:
Gold:   208        SH:  0    Dex: 12    Spells: 8/15 levels left

rFire   . . .      SeeInvis +   a - +4 scimitar (freeze)
rCold   . . .      Faith    .   (no shield)
rNeg    . . .      Spirit   .   q - +0 robe
rPois   .          Reflect  .   u - +0 helmet
rElec   .          Harm     .   (no cloak)
rCorr   .          Rampage  .   (no gloves)
Will    .....                   w - +0 pair of boots
Stlth   ++........              (no amulet)
HPRegen 0.18/turn               b - ring of see invisible
MPRegen 0.15/turn               o - +4 ring of evasion

@: on berserk cooldown, flying, slowed, very slow
A: high MP 1, forlorn, divine attributes
a: no special abilities


You were on level 5 of the Dungeon.
You visited 1 branch of the dungeon, and saw 5 of its levels.

You collected 208 gold pieces.

Inventory:

Hand Weapons
 a - a +4 scimitar of freezing (weapon)
 r - a +3 dagger of freezing
Armour
 q - a +0 robe (worn)
 u - a +0 helmet (worn)
 w - a +0 pair of boots (worn)
Jewellery
 b - a ring of see invisible (left hand)
 d - a ring of poison resistance
 o - a +4 ring of evasion (right hand)
Scrolls
 f - a scroll of magic mapping {unknown}
 g - 2 scrolls of enchant armour {unknown}
 h - 4 scrolls of identify {unknown}
 i - a scroll of amnesia {unknown}
 j - a scroll of vulnerability {unknown}
 m - a scroll of fog {unknown}
 n - 2 scrolls of enchant weapon {unknown}
 p - a scroll of teleportation {unknown}
 s - a scroll of acquirement {unknown}
Potions
 c - 2 potions of haste
 l - a potion of degeneration {unknown}
 t - a potion of curing {unknown}
 v - a potion of attraction


   Skills:
 * Level 2.4 Fighting
 * Level 2.2 Long Blades
 + Level 0.2 Maces & Flails
 + Level 2.1 Dodging
 + Level 3.5 Stealth
 * Level 4.5 Spellcasting
 * Level 6.1 Conjurations
 * Level 2.3 Translocations


You had 8 spell levels left.
You knew the following spells:

 Your Spells              Type           Power      Damage    Failure   Level
a - Magic Dart            Conj           100%       1d8       1%          1
b - Searing Ray           Conj           80%        2d7       1%          2
c - Iskenderun's Mystic   Conj/Tloc      29%        2d7       12%         4

Your spell library contained the following spells:

 Spells                   Type           Power      Damage    Failure   Level
 Blink                    Tloc           38%        N/A       4%          2
 Dazzling Flash           Conj/Hex       46%        N/A       6%          3
 Fulminant Prism          Conj/Hex       11%        3d9       21%         4
 Cause Fear               Hex            3%         N/A       56%         4
 Manifold Assault         Tloc           19%        N/A       58%         5
 Enfeeble                 Hex            3%         N/A       100%        7
 Storm Form               Tmut/Air       3%         N/A       100%        7
 Summon Hydra             Summ           3%         N/A       100%        7


Dungeon Overview and Level Annotations

Branches:
Dungeon (5/15)             Temple (0/1) D:4

Shops:
D:2 :


Innate Abilities, Weirdness & Mutations

You have an increased reservoir of magic. (+10% MP)
You shall have no god before yourself.
Your divine heritage dramatically boosts your attributes as you level up.


Message History

Unknown command.
You hit the orc wizard. You freeze the orc wizard.
The orc wizard is heavily wounded.
The orc wizard completely misses you.
Unknown command.
You slash the orc wizard! You freeze the orc wizard.
You kill the orc wizard!
Unknown command.
You slash the adder!
The adder seems to slow down.
You freeze the adder.
The adder is almost dead.
The adder bites you.
* * * LOW HITPOINT WARNING * * *
You closely miss the adder.
The adder is almost dead.
The adder closely misses you.
You barely miss the adder.
The adder is almost dead.
Unknown command.
You miss the adder.
The adder is almost dead.
The adder closely misses you.
Unknown command.
You closely miss the adder.
The adder is almost dead.
The adder closely misses you.
You barely miss the adder.
The adder is almost dead.
The adder is no longer moving slowly.
The adder misses you.
You barely miss the adder.
The adder is almost dead.
The adder bites you but does no damage.
You closely miss the adder.
The adder is almost dead.
You are no longer berserk.
You are exhausted.
You feel yourself slow down. The adder barely misses you.
You miss the adder.
The adder is almost dead.
The adder barely misses you. The adder bites you.
You die...

. ...
.....#######
...)..S@...#
....)###.#.#
..# #.#.#
#.#.##
#....#
###.#.# .#
#.# ##.# #.#
#.#.# #
#.##.# .#.#


You could see an adder.

Vanquished Creatures
  Sigmund (D:4)
  A necrophage (D:4)
  An ogre (D:4)
  2 scorpions
  4 wights (D:3)
  2 hounds (D:4)
  A jelly (D:4)
  5 orc priests
  An iguana (D:4)
  3 orc wizards (D:5)
  2 hound skeletons (D:4)
  5 adders
  An adder skeleton (D:4)
  2 dart slugs
  17 orcs
  11 ball pythons
  7 endoplasms
  3 giant cockroaches
  5 goblins
  8 hobgoblins
  3 jackals (D:1)
  9 kobolds
  3 quokkas
  4 bats
  4 frilled lizards
  A quokka skeleton (D:4)
  6 rats
112 creatures vanquished.

Vanquished Creatures (others)
  A plant (D:1)
1 creature vanquished.

Grand Total: 113 creatures vanquished

Notes
Turn   | Place    | Note
-------+----------+-------------------------------------------
     0 | D:1      | Morbidden the Demigod Conjurer began the quest for the Orb.
     0 | D:1      | Reached XP level 1. HP: 14/14 MP: 5/5
   281 | D:1      | Reached skill level 4 in Conjurations
   290 | D:1      | Reached XP level 2. HP: 20/20 MP: 0/7
   369 | D:1      | Learned a level 2 spell: Searing Ray
  1264 | D:2      | Reached XP level 3. HP: 27/27 MP: 0/8
  2254 | D:2      | Found Fugoireu's Book Shoppe.
  2429 | D:3      | Reached skill level 1 in Fighting
  2513 | D:3      | Reached XP level 4. HP: 35/35 MP: 8/10
  2593 | D:3      | Learned a level 4 spell: Iskenderun's Mystic Blast
  2622 | D:3      | Reached XP level 5. HP: 14/40 MP: 3/12
  2851 | D:3      | Reached skill level 5 in Conjurations
  3381 | D:4      | Noticed Sigmund
  3568 | D:4      | Killed Sigmund
  3569 | D:4      | Reached skill level 1 in Translocations
  3569 | D:4      | Reached XP level 6. HP: 43/48 MP: 3/14
  3693 | D:4      | Reached skill level 1 in Long Blades
  3841 | D:4      | Reached XP level 7. HP: 53/53 MP: 4/16
  4330 | D:4      | Found a staircase to the Ecumenical Temple.
  4493 | D:4      | Got the Catalogue of the Escort and Hexes
  5259 | D:5      | Entered Level 5 of the Dungeon
  5289 | D:5      | Reached skill level 6 in Conjurations
  5335 | D:5      | HP: 2/56 [orc wizard (2)]
  5340 | D:5      | HP: 1/84 [adder (1)]
  5348 | D:5      | Slain by an adder

Illustrated notes

Levels and vault maps discovered:
D:1:      ncdulo_halloftheorcs, layout_basic, serial_forest,
          infiniplex_forest_end_1, infiniplex_forest_clump_double,
          infiniplex_forest_lined_2, infiniplex_forest_end_double,
          minmay_splitting_lines
D:2:      layout_loops_ring, serial_shops, nicolae_lakefront_shop,
          guppyfry_early_orc_mine
D:3:      layout_rooms, lightli_temple_of_fire, st_stairs_4
D:4:      layout_basic, minitemple, minmay_temple_entry_grid,
          kennysheep_small_circle, uniq_sigmund
D:5:      layout_loops_ring, mainiacjoe_overflow_alcove_2,
          evilmike_ruin_ashenzari, gup_sewer_entry_bubbles, uniq_duvessa

Skill      XL: |  1  2  3  4  5  6  7 |
---------------+----------------------+-----
Conjurations   | 4 5 6 |  6.1
Spellcasting   | 2 3 4 |  4.5
Stealth        | 2 3 |  3.5
Fighting       | 1 2 |  2.4
Translocations | 1 2 |  2.3
Long Blades    | 1 2 |  2.2
Dodging        | 2 |  2.1
Maces & Flails | |  0.2

Action                   |  1- 3 |  4- 6 |  7- 9 || total
-------------------------+-------+-------+-------++-------
Melee: Whip              |    11 |       |       ||    11
       Scimitar          |       |    10 |    27 ||    37
 Cast: Magic Dart        |    85 |    42 |    35 ||   162
       Searing Ray       |     1 |     9 |    12 ||    22
  Use: Potion            |       |       |     5 ||     5
 Stab: Sleeping          |       |     1 |     1 ||     2
Armor: Robe              |       |     6 |     4 ||    10
Dodge: Dodged            |    13 |    36 |    36 ||    85
